Map: Eternal Empire LE

Players

ViBE - Winner!

  • Race: Zerg Zerg
  • League: Grandmaster
  • Spawn Location: 1:00

A.I. 2 (Medium)

  • Race: Terran Terran
  • Spawn Location: 7:00

VOD

Have the link to the VOD?

Description

Time

  • Played on: May 29, 2020, 8:35 p.m.
  • Length: 10:05
Show
View Real Time Build Order
Export as new Build Order

ViBE Zerg - Winner!

Build Orders: Hatch First 

Get SALT Encoding   

  12  0:01  Drone  
  13  0:13  Overlord  
  13  0:17  Drone  
  14  0:32  Drone x2  
  16  0:38  Drone  
  17  0:53  Hatchery  
  16  0:57  Drone  
  16  1:02  Drone  
  18  1:16  Spawning Pool  
  18  1:18  Drone  
  18  1:21  Drone  
  19  1:31  Drone  
  20  1:35  Extractor  
  19  1:42  Drone  
  20  2:00  Drone  
  21  2:05  Queen  
  21  2:06  Queen  
  21  2:08  Overlord  
  25  2:11  Drone  
  26  2:17  Drone x2  
  28  2:27  Drone  
  28  2:28  Drone  
  30  2:35  Overlord  
  30  2:43  Queen  
  32  2:47  Drone  
  32  2:48  Drone  
  32  2:49  Lair  
  34  2:54  Overlord  
  34  2:56  Drone  
  35  3:05  Drone  
  36  3:08  Drone  
  38  3:12  Drone  
  38  3:13  Drone x3  
  38  3:15  Drone x3  
  38  3:19  Roach Warren  
  43  3:22  Drone  
  43  3:24  Extractor  
  43  3:25  Extractor  
  42  3:28  Evolution Chamber, Drone  
  42  3:32  Drone  
  43  3:39  Drone  
  44  3:45  Drone x6  
  50  3:58  Glial Reconstitution, Zerg Missile Weapons Level 1  
  50  4:01  Hatchery  
  49  4:05  Roach  
  49  4:06  Overlord  
  49  4:07  Overlord  
  51  4:20  Overlord x2  
  51  4:23  Drone  
  52  4:26  Roach x2  
  52  4:27  Roach x3  
  52  4:30  Drone x2  
  64  4:38  Overlord  
  64  4:42  Queen  
  66  4:48  Drone x3  
  69  4:53  Drone x6  
  75  5:04  Overlord  
  75  5:05  Drone  
  76  5:14  Drone  
  77  5:22  Drone x2  
  77  5:27  Extractor, Drone  
  77  5:28  Extractor, Drone x6  
  84  5:32  Hydralisk Den  
  84  5:33  Drone x2  
  84  5:35  Hatchery  
  84  5:38  Extractor  
  83  5:46  Drone x6  
  83  5:48  Drone  
  90  5:55  Drone x2  
  92  6:02  Drone x2  
  92  6:03  Drone  
  95  6:05  Drone x3  
  95  6:07  Grooved Spines  
  95  6:08  Zerg Missile Weapons Level 2  
  98  6:12  Drone  
  98  6:13  Evolution Chamber  
  98  6:34  Drone x3  
  98  6:35  Drone x3  
  98  6:36  Hydralisk  
  98  6:38  Overlord x7  
  106  6:42  Zerg Ground Armor Level 1  
  106  6:43  Overlord x3  
  106  6:50  Extractor  
  106  6:52  Hydralisk x3  
  106  6:53  Extractor  
  110  7:04  Hydralisk x6  
  122  7:09  Hydralisk  
  122  7:10  Hydralisk x3  
  130  7:18  Hydralisk x9  
  148  7:23  Muscular Augments  
  148  7:25  Drone  
  148  7:27  Hydralisk, Infestation Pit  
  148  7:28  Hydralisk  
  148  7:29  Overlord  
  152  7:30  Hydralisk x3  
  152  7:36  Hydralisk  
  160  7:38  Drone  
  160  7:44  Hydralisk x4  
  161  7:49  Hydralisk x2  
  161  7:50  Hydralisk  
  171  7:55  Hatchery  
  171  7:56  Hydralisk x3  
  171  7:57  Hydralisk  
  178  8:06  Hydralisk x4  
  178  8:07  Hydralisk  
  178  8:09  Hydralisk  
  178  8:11  Hydralisk  
  192  8:14  Hydralisk  
  192  8:15  Hydralisk  
  192  8:17  Hydralisk  
  198  8:32  Hydralisk  
  200  8:40  Hive  
  196  9:04  Hydralisk x2  
  200  9:40  Unknown  
Show
View Real Time Build Order
Export as new Build Order

A.I. 2 (Medium) Terran 

Build Orders:  

Get SALT Encoding   

  12  0:00  SCV  
  13  0:13  SCV  
  14  0:18  Supply Depot  
  14  0:25  SCV  
  15  0:40  SCV  
  16  0:43  Barracks  
  16  0:49  Refinery  
  16  0:52  SCV  
  17  1:04  SCV  
  18  1:17  Supply Depot  
  18  1:30  Marine  
  19  1:36  Orbital Command, Barracks  
  19  1:45  Refinery  
  19  1:49  Barracks Tech Lab  
  19  2:01  Factory  
  19  2:07  Marine  
  20  2:26  Marauder  
  22  2:33  Supply Depot  
  22  2:40  Marine  
  23  2:57  Marine  
  24  3:06  Supply Depot  
  24  3:15  Marauder  
  24  3:16  SCV  
  27  3:28  SCV  
  27  3:30  Hellion  
  27  3:33  Engineering Bay  
  30  3:40  SCV  
  31  3:52  Hellion, SCV  
  34  3:57  Supply Depot  
  34  4:04  SCV  
  35  4:13  Hellion  
  35  4:16  SCV  
  38  4:34  Hellion  
  40  4:56  Hellion  
  42  7:01  Barracks Tech Lab  
  42  7:02  Marine  
  42  7:05  Factory, Factory Tech Lab  
  42  7:08  Supply Depot  
  43  7:10  Command Center, Missile Turret  
  43  7:12  Missile Turret  
  43  7:16  Sensor Tower  
  43  7:18  Armory  
  43  7:19  Marine  
  43  7:21  Starport  
  43  7:22  Marine  
  43  7:25  Barracks  
  44  7:32  Supply Depot  
  44  7:34  Bunker  
  44  7:37  Marine  
  44  7:40  Marine  
  42  7:49  Factory Tech Lab  
  28  7:56  Marauder  
  30  7:59  Marauder  
  30  8:00  Starport Tech Lab  
  32  8:12  Barracks Reactor  
  32  8:16  Marine  
  32  8:18  Raven  
  35  8:20  Marine  
  35  8:22  SCV  
  35  8:25  SCV  
  38  8:31  Refinery  
  38  8:33  Missile Turret  
  38  8:34  SCV  
  38  8:35  Missile Turret, Reaper  
  38  8:37  SCV  
  38  8:38  Marine, Refinery  
  41  8:46  SCV  
  42  8:48  Reaper  
  42  8:49  SCV  
  42  8:54  Bunker  
  37  8:57  Hellion  
  37  8:58  SCV  
  37  9:04  Hellion  
  25  9:18  Hellion  
  25  9:21  Marine  
  26  9:29  Marine  
  12  9:45  SCV  
Tags
 
Matchup
TvZ
Player
ViBE
Spawn Locations
Cross Positions
Add a new tag
Caveats
  • Supply blocks, unpowered buildings, or Contaminate may cause inaccurate times.
  • Supply counts are checked every 10 seconds.